 Dungeon Crawl Stone Soup version 0.30-a0-778-g2ef04afb54 (webtiles) character file.

Game seed: 4344503669110146952

184 Pimp the Trooper (level 5, -1/42 HPs)
             Began as a Demonspawn Fighter on Feb 16, 2023.
             Slain by Grinder (12 damage)
             ... on level 3 of the Dungeon.
             The game lasted 00:05:11 (1855 turns).

Pimp the Trooper (Demonspawn Fighter)               Turns: 1855, Time: 00:05:11

Health: -1/42      AC: 14    Str: 19    XL:     5   Next: 36%
Magic:  5/5        EV:  7    Int:  9    God:
Gold:   136        SH:  4    Dex: 12    Spells: 4/4 levels left

rFire   + + .      SeeInvis .    a - +0 long sword
rCold   . . .      Faith    .    c - +0 buckler
rNeg    . . .      Spirit   .    o - +4 chain mail {rF+}
rPois   +          Reflect  .    (no helmet)
rElec   .          Harm     .    (no cloak)
rCorr   .          Rampage  .    (no gloves)
Will    .....      Clarity  +    l - +0 pair of boots Stlth
                                 e - amulet of regeneration
HPRegen 1.07/turn                (no ring)
MPRegen 0.09/turn                (no ring)

@: no status effects
A: hooves 2, spiny 1, clarity, fire resistance 1, poison resistance
a: no special abilities


You were on level 3 of the Dungeon.
You visited 1 branch of the dungeon, and saw 3 of its levels.

You collected 136 gold pieces.

Inventory:

Hand Weapons
 a - a +0 long sword (weapon)
Missiles
 d - 4 poisoned darts (quivered)
Armour
 c - a +0 buckler (worn)
 l - a +0 pair of boots (worn)
 o - a +4 chain mail of fire resistance (worn)
Jewellery
 e - an amulet of regeneration (around neck)
 m - a ring of ice
 n - an amulet of reflection
Scrolls
 g - a scroll of brand weapon {unknown}
 h - a scroll of blinking
 i - a scroll of teleportation
Potions
 b - a potion of invisibility {unknown}
 f - a potion of attraction
 j - a potion of ambrosia
 k - a potion of heal wounds


   Skills:
 + Level 3.8 Fighting
 + Level 3.4 Long Blades
 + Level 3.3 Armour
 + Level 1.2 Dodging
 + Level 3.1 Shields


You had 4 spell levels left.
You didn't know any spells.
Your spell library contained the following spells:

 Spells                   Type           Power      Damage    Failure   Level
 Freeze                   Ice            0%         1d3       99%         1
 Sublimation of Blood     Necr           0%         N/A       100%        2
 Wereblood                Tmut           0%         N/A       100%        2
 Frozen Ramparts          Ice            0%         1d1       100%        3
 Hailstorm                Conj/Ice       0%         3d3       100%        3
 Petrify                  Tmut/Erth      0%         N/A       100%        4
 Irradiate                Conj/Tmut      0%         3d11      100%        5
 Summon Hydra             Summ           0%         N/A       100%        7


Dungeon Overview and Level Annotations

Branches:
Dungeon (3/15)

Altars:

Annotations:
D:3 Grinder


Innate Abilities, Weirdness & Mutations

You have hoof-like feet.
You are partially covered in sharp spines.
You possess an exceptional clarity of mind.
Your flesh is heat resistant. (rF+)
Your system is resistant to poisons. (rPois)


Message History

Grinder is moderately wounded.
Grinder blinks!
You barely miss Grinder.
Grinder is moderately wounded.
Grinder hits you.
You writhe in agony.
You hit Grinder.
Grinder is moderately wounded.
Grinder closely misses you. Grinder barely misses you.
You closely miss Grinder.
Grinder is moderately wounded.
Grinder hits you but does no damage.
You closely miss Grinder.
Grinder is moderately wounded.
Grinder hits you!
You writhe in agony.
You closely miss Grinder.
Grinder is moderately wounded.
Grinder blinks!
Grinder hits you!
You writhe in agony.
You barely miss Grinder.
Grinder is moderately wounded.
Grinder barely misses you. Grinder gestures at you.
Pain shoots through your body!
* * * LOW HITPOINT WARNING * * *
You barely miss Grinder.
Grinder is moderately wounded.
Grinder blinks!
Throw: 6 darts (poison)
Press: ? - help, Q - select action Shift-Dir - straight line, f - Grinder
Aim: Grinder (moderately wounded, strong, 53% to hit)
You throw a poisoned dart. The poisoned dart hits Grinder.
Grinder is poisoned.
Grinder is moderately wounded.
Grinder blinks!
Throw: 5 darts (poison)
Press: ? - help, Q - select action Shift-Dir - straight line, f/p - Grinder
Aim: Grinder (moderately wounded, strong, poisoned, 53% to hit)
You throw a poisoned dart.
The poisoned dart closely misses Grinder.
Grinder is struck by your spines. Grinder hits you!
You die...

#....# ########### ...#.# #...#
[###.### #...#
####...########...#
..................#
#######.#######...# #.# #...#
#.#######...#### #########
#....##...@....# #........
##########......§5...####>.......
<.............)..................
...........§.........####).......
#############>......(# #........
########## #########


You could see Grinder (strong, poisoned).

Vanquished Creatures
  Terence (D:3)
  Natasha (twice) (D:3)
  3 adders
  A worm (D:3)
  2 dart slugs
  8 bats
  7 endoplasms
  9 hobgoblins
  4 jackals
  6 quokkas
  10 ball pythons
  2 frilled lizards
  7 goblins
  8 kobolds
70 creatures vanquished.

Notes
Turn   | Place    | Note
-------+----------+-------------------------------------------
     0 | D:1      | Pimp the Demonspawn Fighter began the quest for the Orb.
     0 | D:1      | Reached XP level 1. HP: 18/18 MP: 1/1
   170 | D:1      | Gained mutation: You are partially covered in sharp spines.
                  | [demonic ancestry]
   170 | D:1      | Reached XP level 2. HP: 24/24 MP: 2/2
   747 | D:2      | Reached XP level 3. HP: 27/29 MP: 3/3
  1396 | D:3      | Gained mutation: You have large cloven feet. [demonic
                  | ancestry]
  1396 | D:3      | Reached XP level 4. HP: 36/36 MP: 4/4
  1400 | D:3      | Reached skill level 1 in Dodging
  1511 | D:3      | Found a faded altar of an unknown god.
  1523 | D:3      | Noticed Natasha
  1525 | D:3      | Killed Natasha
  1633 | D:3      | Noticed Terence
  1657 | D:3      | Killed Terence
  1658 | D:3      | Reached XP level 5. HP: 36/42 MP: 5/5
  1709 | D:3      | Noticed Natasha
  1723 | D:3      | Killed Natasha
  1735 | D:3      | Gained mutation: Your system is resistant to poisons.
                  | (rPois) [potion of mutation]
  1735 | D:3      | Gained mutation: You possess an exceptional clarity of
                  | mind. [potion of mutation]
  1735 | D:3      | Gained mutation: You have hoof-like feet. [potion of
                  | mutation]
  1735 | D:3      | Gained mutation: Your flesh is heat resistant. (rF+)
                  | [potion of mutation]
  1837 | D:3      | Noticed Grinder
  1838 | D:3      | Paralysed by Grinder for 3 turns
  1855 | D:3      | Slain by Grinder

Illustrated notes

Levels and vault maps discovered:
D:1:      minmay_arrival_four_circles, layout_loops_ring, chequers_garden
D:2:      layout_loops_cross, minmay_octomino_c4
D:3:      layout_rooms, basic_ecumenical_altar, uniq_natasha, uniq_terence,
          uniq_grinder

Skill      XL: |  1  2  3  4 |
---------------+-------------+-----
Long Blades    | 2 3 |  3.4
Shields        | 3 |  3.1
Armour         | 3 |  3.3
Dodging        | 1 |  1.2
Fighting       | |  3.8

Action                     |  1- 3 |  4- 6 || total
---------------------------+-------+-------++-------
  Melee: Long sword        |    87 |    66 ||   153
  Throw: Dart              |       |     2 ||     2
    Use: Scroll            |     7 |     1 ||     8
         Potion            |       |     6 ||     6
 Armour: Scale mail        |    48 |    13 ||    61
         Skin              |       |    15 ||    15
         Chain mail        |       |     1 ||     1
  Dodge: Dodged            |    44 |    24 ||    68
  Block: Buckler           |    15 |    15 ||    30

Table legend: (Time is in decaauts)
 A = Elapsed time spent in this place.
 B = Non-inter-level travel time spent in this place.
 C = Inter-level travel time spent in this place.
 D = Time resting spent in this place.
 E = Time spent auto-exploring this place.
 F = Levels seen in this place.
 G = Mean time per level.
                   A        B        C        D        E       F      G
               +--------+--------+--------+--------+--------+-----+--------+
         Total |   1902 |   1858 |     44 |     30 |   1302 |   3 |  634.0 |
       Dungeon |   1902 |   1858 |     44 |     30 |   1302 |   3 |  634.0 |
               +--------+--------+--------+--------+--------+-----+--------+

Top non-repeatable levels by time:
     D:1: 706 daAuts
     D:2: 702 daAuts
     D:3: 493 daAuts
